 Seeded DCSS version 0.29.1-15-g9cfb28693d (webtiles) character file.

Game seed: 15822848163574757677 (custom seed)

1562 kingofthe the Vexing (level 8, 0/41 HPs)
             Began as a Deep Elf Conjurer on Mar 10, 2023.
             Was a Follower of Sif Muna.
             Slain by a hornet (12 damage)
             ... on level 8 of the Dungeon.
             The game lasted 00:12:18 (6328 turns).

kingofthe the Vexing (Deep Elf Conjurer)            Turns: 6328, Time: 00:12:19

Health: 0/41       AC:  5    Str:  4    XL:     8   Next: 58%
Magic:  19/29      EV: 13    Int: 24    God:    Sif Muna [*.....]
Gold:   310        SH:  0    Dex: 15    Spells: 10/21 levels left

rFire   . . .      SeeInvis .   a - staff of conjuration {!a}
rCold   . . .      Faith    .   (no shield)
rNeg    . . .      Spirit   .   u - +0 robe
rPois   .          Reflect  .   B - +0 helmet
rElec   .          Harm     .   (no cloak)
rCorr   .          Rampage  .   h - +0 pair of gloves
Will    .....                   z - +0 pair of boots
Stlth   +++.......              (no amulet)
HPRegen 0.13/turn               M - ring of magical power
MPRegen 0.21/turn               (no ring)

@: lethally poisoned (0 -> -4), slowed, very slow
A: no striking features
a: Renounce Religion, Channel Magic


You were on level 8 of the Dungeon.
You worshipped Sif Muna.
Sif Muna was aware of your devotion.
You visited 1 branch of the dungeon, and saw 6 of its levels.

You collected 310 gold pieces.


   Skills:
 * Level 3.9 Dodging
 + Level 6.2 Stealth
 * Level 7.1 Spellcasting
 * Level 7.2 Conjurations
 + Level 7.3 Hexes
 * Level 1.3 Fire Magic
 * Level 1.5 Invocations


You had 10 spell levels left.
You knew the following spells:

 Your Spells              Type           Power      Damage    Failure   Level
a - Magic Dart            Conj           100%       1d8       1%          1
b - Searing Ray           Conj           100%       2d8       1%          2
c - Foxfire               Conj/Fire      100%       2x1d9     1%          1
d - Fulminant Prism       Conj/Hex       30%        3d16      3%          4
e - Mephitic Cloud        Conj/Pois/Air  30%        N/A       8%          3

Your spell library contained the following spells:

 Spells                   Type           Power      Damage    Failure   Level
 Dazzling Flash           Conj/Hex       100%       N/A       1%          3
 Conjure Flame            Conj/Fire      43%        6-21      3%          3
 Inner Flame              Hex/Fire       29%        N/A       3%          3
 Portal Projectile        Hex/Tloc       52%        N/A       4%          3
 Stone Arrow              Conj/Erth      76%        3d11      4%          3
 Sublimation of Blood     Necr           8%         N/A       11%         2
 Wereblood                Tmut           8%         N/A       11%         2
 Flame Wave               Conj/Fire      43%        2d11      12%         4
 Iskenderun's Mystic Bla  Conj/Tloc      38%        2d9       16%         4
 Leda's Liquefaction      Hex/Erth       13%        N/A       16%         4
 Ignite Poison            Fire/Tmut/Pois 10%        N/A       19%         3
 Call Canine Familiar     Summ           8%         N/A       22%         3
 Animate Armour           Summ/Erth      16%        N/A       56%         4
 Freezing Cloud           Conj/Ice/Air   15%        6-21      58%         5
 Summon Hydra             Summ           4%         N/A       100%        7
 Lehudib's Crystal Spear  Conj/Erth      19%        10d6      100%        8

Inventory:

Missiles
 m - a throwing net {=f}
Armour
 h - a +0 pair of gloves (worn)
 j - the +1 ring mail "Vuekuas" {Will+ Str+3}
   (You found it on level 2 of the Dungeon)

   Str:       It affects your strength (+3).
   Will:      It increases your willpower.
 p - the +3 scale mail of the Viny Hot Ocelot {rElec rPois Stlth+}
   (You found it on level 3 of the Dungeon)

   rElec:     It insulates you from electricity.
   rPois:     It protects you from poison.
   Stlth:     It makes you more stealthy.
 u - a +0 robe (worn)
 y - the +2 buckler of the Wasteland {+Inv Dex+2 Stlth-}
   (You found it on level 4 of the Dungeon)

   Dex:       It affects your dexterity (+2).
   +Inv:      It lets you turn invisible.
   Stlth:     It makes you less stealthy.
 z - a +0 pair of boots (worn)
 B - a +0 helmet (worn)
Magical Staves
 a - a staff of conjuration (weapon) {!a}
 b - a staff of fire {!a}
 c - a staff of cold {!a}
Jewellery
 M - a ring of magical power (left hand)
Wands
 k - a wand of quicksilver (16)
 F - a wand of mindburst (14)
Scrolls
 f - 2 scrolls of vulnerability {unknown}
 g - a scroll of brand weapon {unknown}
 i - 2 scrolls of teleportation {unknown}
 o - a scroll of noise {unknown}
 s - 2 scrolls of amnesia {unknown}
 x - 6 scrolls of identify {unknown}
 C - a scroll of blinking {unknown}
 E - a scroll of enchant weapon {unknown}
Potions
 d - 3 potions of haste {unknown}
 e - a potion of experience {unknown}
 l - 2 potions of curing {unknown}
 n - 2 potions of mutation {unknown}
 q - a potion of degeneration {unknown}
 r - a potion of flight {unknown}
 t - 2 potions of ambrosia {unknown}
 v - a potion of resistance {unknown}
 w - a potion of magic
 A - a potion of lignification {unknown}
 D - a potion of attraction {unknown}

Dungeon Overview and Level Annotations

Branches:
Dungeon (8/15)
 Temple: D:4-7         Lair: D:8-11

Altars:
Dithmenos
Fedhas
Kikubaaqudgha
Sif Muna
Trog
Zin
The Shining One

Shops:
D:5 (

Annotations:
D:8 exclusion: hornet

........#...............#
.##.....#...............#
.##.....#...............#
........#...............#
........#...............#
........'...............#
........#.....).........#
.##.....#........v......#
.##.....#......y@v......#
........#.....##h##.....#
.##.....#.....#...#.....#
.##.....#.....#...#.....#
.##.....#.....#...#.....#
........#.....#...#.....#
.########... #...#.....#
.#...... #...#.....#
.+.....y #...#.....#


You could see a hornet (ally target) and a howler monkey (ally target).


Message History

The foxfire hits the water moccasin.
The water moccasin is almost dead.
The foxfire hits the water moccasin.
You kill the water moccasin!
Sif Muna accepts your kill.
The howler monkey hoots and howls with incredible vigour!
You hear a croak.
Your Fire Magic skill increases to level 1!
Casting: Foxfire (safe; 1% risk of failure)
Confirm with . or Enter, or press ? or * to list all spells.
You feel a surge of power!
You conjure some foxfire!
You feel sick.
The foxfire hits the howler monkey but does no damage.
The howler monkey is severely wounded.
The foxfire hits the howler monkey!
You kill the howler monkey!
Sif Muna accepts your kill.
Casting: Foxfire (safe; 1% risk of failure)
Confirm with . or Enter, or press ? or * to list all spells.
You feel a surge of power!
You conjure some foxfire!
You feel sick.
The foxfire hits the hornet.
The hornet is lightly wounded.
The foxfire hits the hornet but does no damage.
The hornet is lightly wounded.
The hornet stings you!
* * * LOW HITPOINT WARNING * * *
You feel yourself slow down. The howler monkey hits you.
* * * LOW HITPOINT WARNING * * *
The hornet stings you!
You die...

Skill      XL: |  1  2  3  4  5  6  7  8 |
---------------+-------------------------+-----
Dodging        | 3 |  3.9
Stealth        | 3 4 5 6 |  6.2
Conjurations   | 5 6 7 |  7.2
Spellcasting   | 4 5 6 7 |  7.1
Hexes          | 1 3 4 6 7 |  7.3
Invocations    | 1 |  1.5
Fire Magic     | 1 |  1.3

Action                   |  1- 3 |  4- 6 |  7- 9 || total
-------------------------+-------+-------+-------++-------
 Cast: Magic Dart        |    76 |    21 |       ||    97
       Foxfire           |     8 |    59 |   126 ||   193
       Searing Ray       |     5 |     6 |     2 ||    13
       Fulminant Prism   |       |       |     1 ||     1
Armor: Robe              |     2 |     6 |     2 ||    10
Dodge: Dodged            |     9 |    11 |    12 ||    32

Levels and vault maps discovered:
D:1:      heliophobic_arrival_enchanted_forest, layout_loops_ring,
          minmay_misc_feat_enclosed, minmay_tromino_v4_a
D:2:      kennysheep_big_flooded_room, layout_rooms, kennysheep_generic_room_13
D:3:      layout_loops_corners, zin_statuary, mainiacjoe_overflow_boulevard,
          mainiacjoe_overflow_six_doors_small, guppyfry_early_lair_pool,
          uniq_jessica
D:4:      layout_rooms, uniq_duvessa
D:5:      layout_cave_pools, tso_altar, nicolae_overflow_two_pavilions,
          mainiacjoe_overflow_alcove_4, serial_shops, shop,
          minmay_splitting_lines
D:8:      layout_gridville, mainiacjoe_overflow_catwalk,
          nicolae_kikubaaqudgha_miasma_corner, uniq_grum

Notes
Turn   | Place    | Note
-------+----------+-------------------------------------------
     0 | D:1      | kingofthe the Deep Elf Conjurer began the quest for the
                  | Orb.
     0 | D:1      | Reached XP level 1. HP: 10/10 MP: 6/6
   232 | D:1      | Reached XP level 2. HP: 15/15 MP: 4/8
   235 | D:1      | Learned a level 2 spell: Searing Ray
   505 | D:1      | Reached skill level 3 in Dodging
   798 | D:1      | Reached XP level 3. HP: 19/19 MP: 6/10
  1469 | D:2      | Reached skill level 3 in Stealth
  1469 | D:2      | Reached skill level 5 in Conjurations
  1876 | D:2      | Identified the +1 ring mail "Vuekuas" {Will+ Str+3}
  2068 | D:2      | Learned a level 1 spell: Foxfire
  2198 | D:3      | Noticed Jessica
  2219 | D:3      | Killed Jessica
  2220 | D:3      | Reached skill level 4 in Spellcasting
  2220 | D:3      | Reached XP level 4. HP: 2/24 MP: 3/12
  2702 | D:3      | Found a bloodstained altar of Trog.
  2781 | D:3      | Identified the +3 scale mail of the Viny Hot Ocelot {rElec
                  | rPois Stlth+}
  3129 | D:3      | Found a shimmering blue altar of Sif Muna.
  3147 | D:3      | Became a worshipper of Sif Muna the Loreminder
  3226 | D:3      | Learned a level 4 spell: Fulminant Prism
  3256 | D:3      | Found a glowing silver altar of Zin.
  3629 | D:4      | Noticed a scorpion
  3640 | D:4      | Killed a scorpion
  3641 | D:4      | Reached skill level 1 in Hexes
  3641 | D:4      | Reached XP level 5. HP: 22/28 MP: 4/14
  3726 | D:4      | Noticed an ogre
  3736 | D:4      | Killed an ogre
  3737 | D:4      | Reached skill level 5 in Spellcasting
  3737 | D:4      | Reached skill level 2 in Hexes
  3893 | D:4      | Reached skill level 3 in Hexes
  3893 | D:4      | Reached XP level 6. HP: 25/32 MP: 9/15
  4054 | D:4      | Reached skill level 4 in Stealth
  4331 | D:4      | Reached skill level 4 in Hexes
  4365 | D:4      | Reached skill level 6 in Conjurations
  4478 | D:4      | Learned a level 3 spell: Mephitic Cloud
  4532 | D:4      | Reached XP level 7. HP: 36/36 MP: 11/17
  4592 | D:4      | Identified the +2 buckler of the Wasteland {+Inv Dex+2
                  | Stlth-}
  4837 | D:4      | Noticed Dowan
  4856 | D:4      | Noticed Duvessa
  4859 | D:4      | Killed Dowan
  4860 | D:4      | Reached skill level 5 in Hexes
  4863 | D:4      | Killed Duvessa
  4864 | D:4      | Reached skill level 5 in Stealth
  4864 | D:4      | Reached skill level 6 in Spellcasting
  4949 | D:5      | Entered Level 5 of the Dungeon
  4986 | D:5      | Reached skill level 6 in Hexes
  5167 | D:5      | Reached XP level 8. HP: 41/41 MP: 19/19
  5456 | D:5      | Found a shadowy altar of Dithmenos.
  5567 | D:5      | Reached * piety under Sif Muna
  5602 | D:5      | Found Uheizinn's Antique Weapon Emporium.
  5640 | D:5      | Found a glowing golden altar of the Shining One.
  5640 | D:5      | You fall into a shaft and drop 3 floors!
  5649 | D:8      | Reached skill level 6 in Stealth
  5649 | D:8      | Reached skill level 7 in Hexes
  5851 | D:8      | Reached skill level 7 in Conjurations
  5904 | D:8      | Found a blossoming altar of Fedhas.
  5982 | D:8      | Noticed a hornet
  6259 | D:8      | Found an ancient bone altar of Kikubaaqudgha.
  6263 | D:8      | Reached skill level 7 in Spellcasting
  6268 | D:8      | Reached skill level 1 in Invocations
  6327 | D:8      | Reached skill level 1 in Fire Magic
  6328 | D:8      | Slain by a hornet

Vanquished Creatures
  Duvessa (D:4)
  3 water moccasins
  An orc warrior (D:8)
  2 ogres (D:4)
  2 phantoms (D:4)
  A necrophage (D:5)
  5 scorpions
  Dowan (D:4)
  A howler monkey (D:8)
  2 hounds (D:5)
  Jessica (D:3)
  An iguana (D:4)
  3 adders
  4 gnolls (D:8)
  A shadow imp (D:8)
  A white imp (D:5)
  2 worms (D:2)
  3 dart slugs
  16 orcs
  8 endoplasms
  A giant cockroach (D:1)
  9 goblins
  5 hobgoblins
  4 jackals (D:3)
  4 quokkas
  10 ball pythons
  3 bats
  4 frilled lizards (D:1)
  9 kobolds
  2 rats
  A foxfire (D:4)
111 creatures vanquished.

Vanquished Creatures (others)
  326 foxfires
  A fulminant prism (D:4)
327 creatures vanquished.

Grand Total: 438 creatures vanquished

Table legend: (Time is in decaauts)
 A = Elapsed time spent in this place.
 B = Non-inter-level travel time spent in this place.
 C = Inter-level travel time spent in this place.
 D = Time resting spent in this place.
 E = Time spent auto-exploring this place.
 F = Levels seen in this place.
 G = Mean time per level.
                   A        B        C        D        E       F      G
               +--------+--------+--------+--------+--------+-----+--------+
         Total |   6327 |   6093 |    234 |    600 |   4578 |   6 | 1054.5 |
       Dungeon |   6327 |   6093 |    234 |    600 |   4578 |   6 | 1054.5 |
               +--------+--------+--------+--------+--------+-----+--------+

Top non-repeatable levels by time:
     D:3: 1447 daAuts
     D:1: 1391 daAuts
     D:4: 1318 daAuts
     D:2: 791 daAuts
     D:5: 690 daAuts
     D:8: 687 daAuts

Table legend:
 A = Non-vault XP
 B = Vault XP
 C = Vault XP percentage of total XP
 D = Non-vault monster count
 E = Vault monster count
 F = Vault count percentage of total count
                 A         B        C        D         E       F
            +---------+---------+-------+---------+---------+-------
      Total |    1969 |     263 |  11.8 |     100 |      10 |   9.1
            +---------+---------+-------+---------+---------+-------
        D:1 |      46 |       6 |  11.5 |      27 |       4 |  12.9
        D:2 |      34 |       7 |  17.1 |      10 |       3 |  23.1
        D:3 |      36 |      37 |  50.7 |      15 |       1 |   6.2
        D:4 |     691 |     213 |  23.6 |      19 |       2 |   9.5
        D:5 |     599 |       0 |   0.0 |      17 |       0 |   0.0
        D:8 |     563 |       0 |   0.0 |      12 |       0 |   0.0
            +---------+---------+-------+---------+---------+-------
